 Dungeon Crawl Stone Soup version 0.30-a0-54-g2e61a25929 (webtiles) character file.

Game seed: 1752287454029420714

301 Newt the Cutter (level 6, 0/52 HPs)
             Began as a Draconian Artificer on Sept 7, 2022.
             Killed from afar by an orc wizard (5 damage)
             ... with a magic dart
             ... on level 3 of the Dungeon.
             The game lasted 00:02:44 (2891 turns).

Newt the Cutter (Draconian Artificer)               Turns: 2891, Time: 00:02:44

Health: 0/52       AC:  6    Str: 16    XL:     6   Next: 14%
Magic:  6/6        EV: 12    Int: 12    God:
Gold:   119        SH:  0    Dex: 11    Spells: 5/5 levels left

rFire   . . .      SeeInvis .    o - +1 hammer (holy)
rCold   . . .      Faith    .    (no shield)
rNeg    . . .      Spirit   .    (body armour unavailable)
rPois   .          Reflect  .    (helmet restricted)
rElec   .          Harm     .    (no cloak)
rCorr   .          Rampage  .    (no gloves)
Will    .....                    (no boots)
Stlth   ++........               (no amulet)
HPRegen 0.17/turn                (no ring)
MPRegen 0.10/turn                (no ring)

@: no status effects
A: AC +6, unfitting armour, cold-blooded
a: no special abilities


You were on level 3 of the Dungeon.
You visited 1 branch of the dungeon, and saw 3 of its levels.

You collected 119 gold pieces.

Inventory:

Hand Weapons
 a - a +0 club
 f - a +2 short sword of speed
 o - a +1 hammer of holy wrath (weapon)
Wands
 b - a wand of flame (12) (quivered)
 c - a wand of charming (14)
 d - a wand of iceblast (2)
Scrolls
 e - a scroll of noise {unknown}
 l - a scroll of teleportation {unknown}
 n - 2 scrolls of identify
Potions
 g - a potion of haste
 h - a potion of brilliance
 i - a potion of berserk rage {unknown}
 j - a potion of flight {unknown}
 k - a potion of invisibility {unknown}
 m - 2 potions of might {unknown}
 p - a potion of magic {unknown}


   Skills:
 - Level 4.0 Fighting
 - Level 4.3 Short Blades
 + Level 0.6 Maces & Flails
 - Level 2.1 Dodging
 - Level 2.0 Stealth
 - Level 3.0 Evocations


You had 5 spell levels left.
You didn't know any spells.
Your spell library contained the following spells:

 Spells                   Type           Power      Damage    Failure   Level
 Ignite Poison            Fire/Tmut/Pois 0%         N/A       69%         3
 Mephitic Cloud           Conj/Pois/Air  0%         N/A       69%         3
 Freezing Cloud           Conj/Ice/Air   0%         6-21      100%        5


Dungeon Overview and Level Annotations

Branches:
Dungeon (3/15)

Altars:
Sif Muna

Shops:
D:1 (


Innate Abilities, Weirdness & Mutations

Your plain brown scales are hard. (AC +6)
You cannot fit into any form of body armour.
You are cold-blooded and may be slowed by cold attacks.


Message History

You are too confused!
You completely miss something. Something hits you. The orc barely misses you.
Unknown command.
You bump into the rock wall.
Something hits you. The orc closely misses you.
You closely miss something.
Your tail-slap misses something.
Something hits you but does no damage. The orc closely misses you.
You closely miss the orc. You tail-slap the orc.
The orc is heavily wounded.
Something hits you. The orc barely misses you. The orc misses you.
You hear some strange, mumbled words.
You are more confused.
You closely miss the orc.
The orc is heavily wounded.
Something hits you but does no damage. The orc closely misses you.
You bump into the rock wall.
The orc misses you. Something barely misses you.
You bump into the rock wall.
Something hits you. The orc hits you with a +0 flail!
* * * LOW HITPOINT WARNING * * *
Unknown command.
You bump into the rock wall.
Something hits you but does no damage. The orc hits you with a +0 flail.
* * * LOW HITPOINT WARNING * * *
Unknown command.
Unknown command.
You are too confused!
Unknown command.
You bump into the rock wall.
Something hits you but does no damage. The orc hits you with a +0 flail.
* * * LOW HITPOINT WARNING * * *
Unknown command.
You closely miss the orc.
The orc is heavily wounded.
You feel less confused. Something hits you.
* * * LOW HITPOINT WARNING * * *
The orc closely misses you. The orc hits you but does no damage.
You hear some strange, mumbled words.
A magic dart appears from out of thin air!
The magic dart hits you.
You die...

#........# #...<†.
#........## #...)..
..........#### ##......
#.............###.......
#####........###............
...........<..........#.....
#..............#####.###....
....... #..#..####..# ##.##
....... ##@#..##...## .#
.......####{o.....###### .#
#.....†o......[..........
.......o......###########
.........###...# ...$....##
##..# #.......# #...#
##.....## #.#.# #......
#.#.#


You could see an orc.

Vanquished Creatures
  Sigmund (D:2)
  Crazy Yiuf (D:2)
  3 adders
  A worm (D:2)
  3 orcs (D:3)
  2 bats
  3 endoplasms
  A giant cockroach (D:1)
  6 goblins
  5 hobgoblins
  13 jackals
  3 quokkas
  4 ball pythons
  6 frilled lizards
  11 kobolds
  2 rats
65 creatures vanquished.

Vanquished Creatures (others)
  A ball python (D:2)
1 creature vanquished.

Grand Total: 66 creatures vanquished

Notes
Turn   | Place    | Note
-------+----------+-------------------------------------------
     0 | D:1      | Newt the Draconian Artificer began the quest for the Orb.
     0 | D:1      | Reached XP level 1. HP: 16/16 MP: 1/1
    44 | D:1      | Reached skill level 1 in Stealth
   425 | D:1      | Reached XP level 2. HP: 21/23 MP: 2/2
   968 | D:1      | Found Laed's Weapon Shop.
  1040 | D:1      | Reached XP level 3. HP: 11/30 MP: 3/3
  1415 | D:1      | Found a faded altar of an unknown god.
  1450 | D:1      | Found a shimmering blue altar of Sif Muna.
  1778 | D:2      | Noticed Sigmund
  1789 | D:2      | Killed Sigmund
  1790 | D:2      | Reached XP level 4. HP: 22/40 MP: 4/4
  1790 | D:2      | Reached XP level 5. HP: 26/46 MP: 5/5
  2095 | D:2      | Found a runed translucent door.
  2096 | D:2      | Noticed Crazy Yiuf
  2747 | D:2      | Killed Crazy Yiuf
  2748 | D:2      | Reached XP level 6. HP: 45/52 MP: 6/6
  2891 | D:3      | Killed from afar by an orc wizard

Illustrated notes

Levels and vault maps discovered:
D:1:      scummos_arrival_hexagon, layout_basic, serial_shops,
          nicolae_lakefront_shop, shapermc_ecumenical_altar_mp_vishouse,
          minmay_hexomino_r4
D:2:      layout_loops_cross, kennysheep_generic_room_11,
          uniq_crazy_yiuf_cottage, uniq_sigmund
D:3:      layout_rooms, grunt_decor_cap, kennysheep_big_empty_room

Skill      XL: |  1  2  3  4  5 |
---------------+----------------+-----
Stealth        | 2 |  2.0
Fighting       | 2 4 |  4.0
Short Blades   | 3 4 |  4.3
Maces & Flails | |  0.6
Dodging        | |  2.1
Evocations     | |  3.0

Action                   |  1- 3 |  4- 6 || total
-------------------------+-------+-------++-------
Melee: Club              |   124 |       ||   124
       Tailslap          |     9 |    11 ||    20
       Punch             |     2 |       ||     2
       Short sword       |     3 |    73 ||    76
       Mace              |       |    25 ||    25
Evoke: Wand              |     7 |       ||     7
  Use: Scroll            |     2 |       ||     2
 Stab: Sleeping          |     4 |     2 ||     6
Armor: Skin              |    62 |    22 ||    84
Dodge: Dodged            |   107 |    45 ||   152

Table legend: (Time is in decaauts)
 A = Elapsed time spent in this place.
 B = Non-inter-level travel time spent in this place.
 C = Inter-level travel time spent in this place.
 D = Time resting spent in this place.
 E = Time spent auto-exploring this place.
 F = Levels seen in this place.
 G = Mean time per level.
                   A        B        C        D        E       F      G
               +--------+--------+--------+--------+--------+-----+--------+
         Total |   2906 |   2864 |     42 |    813 |   1623 |   3 |  968.7 |
       Dungeon |   2906 |   2864 |     42 |    813 |   1623 |   3 |  968.7 |
               +--------+--------+--------+--------+--------+-----+--------+

Top non-repeatable levels by time:
     D:1: 1635 daAuts
     D:2: 1181 daAuts
     D:3: 89 daAuts
